giann, lawful female dwarven Valkyrie ------------- ########## |.:.........| #--------- #@%..........| ----- #|.......| f|fx.........| |...|########........| #|...........| |...| #|<(......# #|...........| |....# #|.......|# #-.----------- ---|-# #---------# # # # # ### # ### # # # # # ## --+----# ### # `###########......|# # # # # ###|.....|# #### # # ## #-......## #----.----# # |.....| #|........#### ------- #..}.>..{| # |.......+## --------- giann the Skirmisher Experience level: 3 Strength: 16 Dexterity: 13 Constitution: 17 Intelligence: 7 Wisdom: 11 Charisma: 11 Health: 0(31) Energy: 8(8) Def: 5 Gold: 514 Moves: 1746 Dungeon seed: j1Xi-Ofr3Xd0jt23 Game ID: giann_1506232120 Your Inventory: Coins $ - 514 gold pieces Amulets k - an uncursed amulet versus poison Weapons a - a +1 long sword (weapon in hand) b - a blessed +0 dagger Armor e - an uncursed +4 small shield (being worn) Comestibles c - 2 uncursed food rations t - 2 uncursed tins of jackal meat Scrolls s - an uncursed scroll of teleportation Spellbooks q - an uncursed spellbook of healing Potions l - an uncursed potion of restore ability o - an uncursed potion of gain energy u - an uncursed potion of water Wands g - a wand of striking (0:3) i - a wand of undead turning (0:5) m - a wand of create monster (0:6) Tools d - an uncursed oil lamp (0:1405) n - a tinning kit (0:71) Gems r - an uncursed agate stone Spells and supernatural/magical abilities: Name Level Category Fail Memory W - pray for help -- divine ? -- Your skills at the end: Fighting Skills wands [Basic] Weapon Skills dagger [Basic] long sword [Basic] Spellcasting Skills Final Attributes: You were piously aligned. You were cold resistant. You saw invisible. You had infravision. You were stealthy. You are dead. Vanquished creatures: a werejackal a gas spore 2 manes a hobgoblin a gecko 12 jackals 4 foxes a goblin 5 sewer rats 4 grid bugs 3 lichens 3 newts 38 creatures vanquished. Voluntary challenges: You were an atheist. You used a wielded weapon 29 times, starting on turn 18. You read items or engraved 4 times, starting on turn 538. You never genocided any monsters. You never polymorphed an object. You never changed form. You used no wishes. You never split a pudding. You never wrote Elbereth's name. You never violated your personal moral code. Dungeon overview: The Dungeons of Doom: levels 1 to 4 Level 1 a fountain a long staircase Level 2 a fountain Level 3 Level 4 <- You were here a fountain a long staircase History has recorded: On T:1 you entered the Dungeons of Doom to retrieve the Amulet of Yendor! On T:372 you advanced to experience level 2. On T:618 you reached level 2 of The Dungeons of Doom. On T:1011 you reached level 3 of The Dungeons of Doom. On T:1127 you advanced to experience level 3. On T:1548 you reached level 4 of The Dungeons of Doom. Score breakdown: Gold: 514 ( 9224 points) Experience: 3 levels ( 7878 points) Exploration: 4 levels ( 8.51%) ( 7661 points) Discoveries: 3 items ( 1.20%) ( 3292 points) Valuables value: (no points given unless you survive) Artifact value: 0 ( 0 points) Variety of kills: 12 monsters ( 3.13%) ( 5310 points) Turncount: 1746 turns ( 0 points) Survival: died (score multiplied by 80%) Total score: 26692 Latest messages: You stop exploring. The hobgoblin hits! The kitten can see again. You miss the hobgoblin. The hobgoblin just misses! You miss the hobgoblin. You kill the hobgoblin! The kitten bites! (2x) You see here a hobgoblin corpse. The kitten bites! You hit the kitten! The grid bug bites! You get zapped! The kitten bites the kitten. The kitten misses the kitten. The kitten misses. You miss the kitten. The grid bug bites! You get zapped! The kitten bites! The newt misses. The kitten bites! (2x) You kill the grid bug! The kitten bites! You die... Final status: Farvel giann the Valkyrie, killed by a kitten... You died in The Dungeons of Doom on dungeon level 4 with 26692 points, and 514 pieces of gold, after 1746 moves. You were level 3 with a maximum of 31 hit points when you died.